 Dungeon Crawl Stone Soup version 0.28-a0-1629-gf728b707aa (webtiles) character file.

Game seed: 3204008222093750821

0 snarkophilus the Skirmisher (level 1, 0/19 HPs)
             Began as a Hill Orc Fighter on Jan 25, 2022.
             Succumbed to a kobold's poison
             ... on level 1 of the Dungeon.
             The game lasted 00:03:51 (43 turns).

snarkophilus the Skirmisher (Hill Orc Fighter)        Turns: 43, Time: 00:03:52

Health: 0/19       AC:  6    Str: 18    XL:     1   Next: 10%
Magic:  1/1        EV:  9    Int:  8    God:
Gold:   0          SH:  4    Dex: 10    Spells: 0/0 levels left

rFire   . . .      SeeInvis .   a - +0 war axe
rCold   . . .      Faith    .   c - +0 buckler
rNeg    . . .      Spirit   .   b - +0 scale mail
rPois   .          Reflect  .   (no helmet)
rElec   .          Harm     .   (no cloak)
rCorr   .          Rampage  .   (no gloves)
Will    .....                   (no boots)
Stlth   ..........              (no amulet)
HPRegen 0.06/turn               (no ring)
MPRegen 0.07/turn               (no ring)

@: lethally poisoned (0 -> -22)
A: no striking features
a: no special abilities


You were on level 1 of the Dungeon.
You visited 1 branch of the dungeon, and saw 1 of its levels.

Inventory:

Hand Weapons
 a - a +0 war axe (weapon)
Armour
 b - a +0 scale mail (worn)
 c - a +0 buckler (worn)
 e - a +0 robe
Potions
 d - a potion of might


   Skills:
 + Level 3.6 Fighting
 + Level 2.8 Axes
 + Level 3.2 Armour
 + Level 3.2 Shields


You couldn't memorise any spells.
You didn't know any spells.
Your spell library was empty.

Dungeon Overview and Level Annotations

Branches:
Dungeon (1/15)

Altars:


Message History

You block the frilled lizard's attack.
You completely miss the frilled lizard.
The frilled lizard bites you but does no damage.
You miss the frilled lizard. You block the frilled lizard's attack.
You barely miss the frilled lizard.
The frilled lizard bites you but does no damage. x2
You miss the frilled lizard.
The frilled lizard bites you but does no damage.
You slash the frilled lizard!
You kill the frilled lizard!
You see here a +0 robe.
Press: ? - help, v - describe, . - travel, g - get item Item here: a +0 robe.
The floor.
e - a +0 robe
Okay, then.
A kobold comes into view.
It is wielding a +1 short sword of venom.
The kobold shouts!
Found a scroll labelled ISAOBY GIQE.
The kobold hits you with a +1 short sword of venom.
You are poisoned.
You barely miss the kobold.
You feel very sick. The kobold barely misses you.
A kobold comes into view. It is wielding a +0 short sword.
You block the kobold's attack.
You barely miss the kobold.
You feel very sick. The kobold closely misses you.
You barely miss the kobold.
You feel sick. The kobold hits you but does no damage.
You are lethally poisoned!
You block the kobold's attack.
You barely miss the kobold.
You feel very sick. The kobold hits you but does no damage.
You are more poisoned.
You slash the kobold!
You kill the kobold!
You die...

.# . ###? ##..
#... #.K# #.)# #
#.@#.# #
#.###..#[#### ..
#...........# #.
###.#..####.# #.
#.#..# #.####.#..#
###.........#
#...........#
#..#.....#..####.#


You could see a kobold.

Vanquished Creatures
  A frilled lizard (D:1)
  A kobold (D:1)
2 creatures vanquished.

Notes
Turn   | Place    | Note
-------+----------+-------------------------------------------
     0 | D:1      | snarkophilus the Hill Orc Fighter began the quest for the
                  | Orb.
     0 | D:1      | Reached XP level 1. HP: 19/19 MP: 1/1
    43 | D:1      | Succumbed to a kobold's poison

Illustrated notes

Levels and vault maps discovered:
D:1:      scummos_arrival_simple_crosswalls, layout_loops_ring,
          ebering_ecumenical_altar_mist

Action                   || total
-------------------------++-------
Melee: War axe           ||    12
Armor: Scale mail        ||     7
Dodge: Dodged            ||     2
Block: Buckler           ||     5

Table legend: (Time is in decaauts)
 A = Elapsed time spent in this place.
 B = Non-inter-level travel time spent in this place.
 C = Inter-level travel time spent in this place.
 D = Time resting spent in this place.
 E = Time spent auto-exploring this place.
 F = Levels seen in this place.
 G = Mean time per level.
                   A        B        C        D        E       F      G
               +--------+--------+--------+--------+--------+-----+--------+
         Total |     47 |     47 |      0 |      0 |      0 |   1 |   47.0 |
       Dungeon |     47 |     47 |      0 |      0 |      0 |   1 |   47.0 |
               +--------+--------+--------+--------+--------+-----+--------+

Top non-repeatable levels by time:
     D:1: 47 daAuts
